 Dungeon Crawl Stone Soup version 0.30-a0-924-g0ad0bf95bc (webtiles) character file.

Game seed: 1269030006542109788

1725 Iniera the Cleaver (level 9, -3/55 HPs)
             Began as a Gargoyle Fighter on Mar 22, 2023.
             Constricted to death by Duvessa (4 damage)
             ... on level 6 of the Dungeon.
             The game lasted 00:07:52 (5275 turns).

Iniera the Cleaver (Gargoyle Fighter)               Turns: 5275, Time: 00:07:52

Health: -3/55      AC: 17    Str: 23    XL:     9   Next: 4%
Magic:  9/9        EV:  4    Int: 10    God:
Gold:   297        SH:  4    Dex:  9    Spells: 8/8 levels left

rFire   . . .      SeeInvis .    a - +0 war axe
rCold   . . .      Faith    .    c - +0 buckler
rNeg    + . .      Spirit   .    u - +0 chain mail
rPois   ∞          Reflect  .    (no helmet)
rElec   +          Rampage  .    B - +0 cloak
rCorr   .                        (no gloves)
Will    +....                    (no boots) Stlth
                                 (no amulet)
HPRegen 0.29/turn                q - ring of willpower
MPRegen 0.11/turn                (no ring)

@: mighty, grasped by roots, hasted, constricted, very quick
A: sickness immunity, AC +6, negative energy resistance 1, electricity
resistance, torment resistance 1, petrification resistance
a: no special abilities


You were on level 6 of the Dungeon.
You visited 1 branch of the dungeon, and saw 6 of its levels.
You also visited: Sewer.

You collected 297 gold pieces.

Inventory:

Hand Weapons
 a - a +0 war axe (weapon)
Armour
 c - a +0 buckler (worn)
 u - a +0 chain mail (worn)
 B - a +0 cloak (worn)
Jewellery
 q - a ring of willpower (left hand)
Scrolls
 h - a scroll of enchant armour {unknown}
 i - 2 scrolls of immolation
 k - 2 scrolls of teleportation
 l - a scroll of fog
 m - a scroll of torment
 p - 3 scrolls of vulnerability
 s - 3 scrolls of blinking
 y - a scroll of noise
 A - a scroll of enchant weapon {unknown}
Potions
 b - a potion of mutation {unknown}
 d - 2 potions of might
 e - a potion of berserk rage {unknown}
 f - 2 potions of lignification {unknown}
 g - 4 potions of invisibility {unknown}
 j - a potion of attraction
 n - a potion of resistance {unknown}
 o - 3 potions of haste
 t - 3 potions of brilliance {unknown}
 v - 2 potions of curing {unknown}
 w - a potion of flight {unknown}
 x - 2 potions of heal wounds {unknown}
 z - a potion of magic {unknown}


   Skills:
 + Level 6.1 Fighting
 * Level 9.1 Axes
 + Level 4.6 Armour
 - Level 3.2 Shields


You had 8 spell levels left.
You didn't know any spells.
Your spell library contained the following spells:

 Spells                   Type           Power      Damage    Failure   Level
 Kiss of Death            Conj/Necr      0%         2d5       98%         1
 Necrotise                Necr           0%         1d4       98%         1
 Scorch                   Fire           0%         2d5       99%         2
 Confusing Touch          Hex            0%         N/A       100%        3
 Inner Flame              Hex/Fire       0%         N/A       100%        3
 Vampiric Draining        Necr           0%         2d6       100%        3
 Cause Fear               Hex            0%         N/A       100%        4
 Dispel Undead            Necr           0%         3d6       100%        4
 Flame Wave               Conj/Fire      0%         2d4       100%        4
 Agony                    Necr           0%         N/A       100%        5
 Death Channel            Necr           0%         N/A       100%        6
 Summon Cactus Giant      Summ           0%         N/A       100%        6
 Discord                  Hex            0%         N/A       100%        8
 Cigotuvi's Dreadful Rot  Necr/Pois/Air  Unusable   N/A       N/A         2

Dungeon Overview and Level Annotations

Branches:
Dungeon (6/15)              Sewer (visited)
 Temple: D:4-7

Altars:

Annotations:
D:6 Dowan, Duvessa


Innate Abilities, Weirdness & Mutations

You are immune to sickness and miasma.
Your stone body is resilient. (AC +6)
You are immune to poison.
You resist negative energy. (rN+)
You are resistant to electric shocks. (rElec)
You are resistant to unholy torment.
You are immune to petrification.


Message History

You slash Duvessa!
Duvessa is severely wounded.
You closely miss the hound.
Duvessa zaps a wand.
The roots erupt in riotous growth!
The grasping roots grab you!
The hound is unaffected.
Duvessa is unaffected.
The grasping roots constrict you.
* * * LOW HITPOINT WARNING * * *
The hound bites you but does no damage.
Dowan mumbles some strange words.
Dowan blinks!
Duvessa says, "Beauty is only skin deep, and my weapons penetrate much further than that."
Duvessa barely misses you. The grasping roots constrict you.
* * * LOW HITPOINT WARNING * * *
The hound bites you but does no damage.
Unknown command.
Unknown command.
Unknown command.
You slash Duvessa!
Duvessa is almost dead.
You slash the hound! Duvessa hits you but does no damage.
The grasping roots constrict you.
* * * LOW HITPOINT WARNING * * *
The hound bites you.
* * * LOW HITPOINT WARNING * * *
Duvessa hits you but does no damage. The grasping roots constrict you.
* * * LOW HITPOINT WARNING * * *
Unknown command.
You closely miss Duvessa.
Duvessa is almost dead.
You barely miss the hound. The hound bites you but does no damage.
Duvessa hits you with a +0 short sword.
* * * LOW HITPOINT WARNING * * *
The grasping roots constrict you. The hound bites you.
* * * LOW HITPOINT WARNING * * *
Dowan's robes are whipped around by a magical breeze.
Unknown command.
It was a potion of haste.
You feel yourself speed up. Duvessa hits you but does no damage.
The grasping roots constrict you.
You die...

............##
.............
.>..........
.....e..... ........
#..... #.he# #@# #.##
##..### ##.....# ....
##...#...# #....
##...####...#####.....
##...## ##(..........
##...## ##...........
#...## #............


You could see Duvessa (fast), Dowan and a hound.

Vanquished Creatures
  Eustachio (D:5)
  3 yaks (D:4)
  Pargi (Sewer)
  A black bear (D:4)
  An ogre (D:5)
  2 phantoms (D:5)
  2 kobold brigands (D:4)
  A scorpion (D:5)
  A howler monkey (D:4)
  A hound (D:5)
  Crazy Yiuf (D:2)
  2 sleepcaps
  Jessica (D:2)
  A gnoll bouda (D:5)
  3 iguanas
  5 gnolls
  10 adders
  2 river rats (D:4)
  2 worms
  A dart slug (D:4)
  2 orcs (D:3)
  3 ball pythons
  10 bats
  7 endoplasms
  8 giant cockroaches
  7 goblins
  6 hobgoblins
  13 kobolds
  4 quokkas
  4 frilled lizards
  5 rats
111 creatures vanquished.

Vanquished Creatures (others)
  2 fungi (D:2)
2 creatures vanquished.

Grand Total: 113 creatures vanquished

Notes
Turn   | Place    | Note
-------+----------+-------------------------------------------
     0 | D:1      | Iniera the Gargoyle Fighter began the quest for the Orb.
     0 | D:1      | Reached XP level 1. HP: 14/14 MP: 1/1
    26 | D:1      | Reached skill level 2 in Axes
    79 | D:1      | Found a faded altar of an unknown god.
    86 | D:1      | Reached XP level 2. HP: 16/19 MP: 2/2
   502 | D:1      | Reached skill level 3 in Axes
   820 | D:2      | Reached XP level 3. HP: 21/23 MP: 3/3
  1301 | D:2      | Noticed Jessica
  1309 | D:2      | Killed Jessica
  1310 | D:2      | Reached XP level 4. HP: 17/28 MP: 4/4
  1455 | D:2      | Reached skill level 4 in Axes
  1771 | D:2      | Found a runed translucent door.
  1772 | D:2      | Noticed Crazy Yiuf
  1781 | D:2      | Killed Crazy Yiuf
  2102 | D:3      | Reached XP level 5. HP: 32/32 MP: 5/5
  2467 | D:3      | Reached skill level 5 in Axes
  2694 | D:4      | Reached XP level 6. HP: 37/37 MP: 6/6
  2746 | D:4      | Found a glowing drain.
  2752 | Sewer    | Entered a sewer
  2760 | Sewer    | Noticed Pargi
  2773 | Sewer    | Killed Pargi
  2774 | Sewer    | Reached skill level 6 in Axes
  2970 | D:4      | Noticed a black bear
  2980 | D:4      | Killed a black bear
  2981 | D:4      | Reached XP level 7. HP: 35/41 MP: 7/7
  3422 | D:4      | Reached skill level 7 in Axes
  3678 | D:5      | Entered Level 5 of the Dungeon
  3825 | D:5      | Reached XP level 8. HP: 35/48 MP: 8/8
  3877 | D:5      | Noticed Eustachio
  3880 | D:5      | Noticed a yak
  3880 | D:5      | Noticed a yak
  3880 | D:5      | Noticed a yak
  3943 | D:4      | HP: 1/48 [yak (10)]
  3945 | D:4      | Killed a yak
  3946 | D:4      | Reached skill level 5 in Fighting
  3946 | D:4      | Reached skill level 8 in Axes
  4129 | D:4      | Killed a yak
  4229 | D:4      | Killed a yak
  4317 | D:5      | Killed Eustachio
  4768 | D:5      | Reached skill level 9 in Axes
  4792 | D:5      | Reached XP level 9. HP: 46/55 MP: 9/9
  5254 | D:6      | Noticed Dowan
  5256 | D:6      | Noticed Duvessa
  5274 | D:6      | HP: 1/55 [hound (4)]
  5275 | D:6      | Constricted to death by Duvessa

Illustrated notes

Levels and vault maps discovered:
D:1:      lemuel_arrival_funnel, layout_basic,
          hellmonk_ecumenical_altar_crossroads
D:2:      layout_loops_corners, uniq_jessica, uniq_crazy_yiuf_cottage
D:3:      layout_basic
D:4:      cheibrodos_thug_alley, layout_rooms, lightli_sewer_entry_pipes
D:5:      layout_layer_cave, uniq_eustachio
D:6:      layout_cave_pods, temple_hall, serial_shops, kennysheep_mini_moat,
          uniq_duvessa

Skill      XL: |  1  2  3  4  5  6  7  8 |
---------------+-------------------------+-----
Axes           | 2 3 4 5 6 7 9 |  9.1
Fighting       | 4 6 |  6.1
Armour         | 4 |  4.6
Shields        | |  3.2

Action                     |  1- 3 |  4- 6 |  7- 9 || total
---------------------------+-------+-------+-------++-------
  Melee: War axe           |    91 |   167 |   236 ||   494
    Use: Scroll            |       |     8 |     1 ||     9
         Potion            |       |       |     2 ||     2
 Armour: Scale mail        |    54 |    13 |       ||    67
         Chain mail        |       |   112 |   152 ||   264
  Dodge: Dodged            |    48 |    71 |    82 ||   201
  Block: Buckler           |    13 |    37 |    46 ||    96

Table legend: (Time is in decaauts)
 A = Elapsed time spent in this place.
 B = Non-inter-level travel time spent in this place.
 C = Inter-level travel time spent in this place.
 D = Time resting spent in this place.
 E = Time spent auto-exploring this place.
 F = Levels seen in this place.
 G = Mean time per level.
                   A        B        C        D        E       F      G
               +--------+--------+--------+--------+--------+-----+--------+
         Total |   5449 |   5264 |    185 |    477 |   3639 |   7 |  778.4 |
       Dungeon |   5238 |   5053 |    185 |    477 |   3502 |   6 |  873.0 |
         Sewer |    210 |    210 |      0 |      0 |    137 |   1 |  210.0 |
               +--------+--------+--------+--------+--------+-----+--------+

Top non-repeatable levels by time:
     D:4: 1344 daAuts
     D:5: 1154 daAuts
     D:2: 1100 daAuts
     D:1: 838 daAuts
     D:3: 690 daAuts
   Sewer: 210 daAuts
     D:6: 110 daAuts
